 Dungeon Crawl Stone Soup version 0.28.0-43-g3370ac3207 (webtiles) character file.

Game seed: 1424396670018392357

1938 pkoi the Changer (level 8, 0/59 HPs)
             Began as a Yellow Draconian Transmuter on Mar 9, 2022.
             Was a Follower of Sif Muna.
             Slain by a gnoll sergeant
             ... wielding a +4 spear of freezing
              (5 damage)
             ... on level 6 of the Dungeon.
             The game lasted 00:12:10 (7385 turns).

pkoi the Changer (Yellow Draconian Transmuter)      Turns: 7385, Time: 00:12:15

Health: 0/59       AC:  6    Str: 13    XL:     8   Next: 97%
Magic:  12/15      EV: 19    Int: 15    God:    Sif Muna [*.....]
Gold:   179        SH:  0    Dex: 17    Spells: 8/16 levels left

rFire   . . .      SeeInvis .     - Unarmed
rCold   . . .      Faith    .   (shield currently unavailable)
rNeg    . . .      Spirit   .   (armour unavailable)
rPois   x          Reflect  .   (helmet currently unavailable)
rElec   .          Harm     .   (cloak currently unavailable)
rCorr   .          Rampage  .   (gloves currently unavailable)
Will    .....                   (boots currently unavailable)
Stlth   ++........              c - amulet of the acrobat
HPRegen 0.19/turn               e - +4 ring of protection
MPRegen 0.14/turn               (no ring)

@: short of breath, spider-form, studying Conjurations
A: venomous fangs, (spit acid), AC +6, tiny, unfitting armour, (cold-blooded),
(acid resistance)
a: End Transformation, Renounce Religion, Channel Magic


You were on level 6 of the Dungeon.
You worshipped Sif Muna.
Sif Muna was aware of your devotion.
You were a venomous arachnid creature.
You visited 2 branches of the dungeon, and saw 7 of its levels.

You collected 179 gold pieces.

Inventory:

Hand Weapons
 j - a +2 dagger of speed
 k - a +4 hunting sling of flaming
 q - a +1 whip of venom
 s - the +9 flail of Premature Burial {pain, rN+ Str+4 Dex-5}
   (You found it on level 5 of the Dungeon)

   In the hands of one skilled in necromantic magic, it inflicts extra damage on
   living creatures.
   Str:       It affects your strength (+4).
   Dex:       It affects your dexterity (-5).
   rN:        It protects you from negative energy.
Missiles
 l - 296 stones
Armour
 p - a +0 pair of boots (melded)
 w - a +0 pair of gloves (melded)
Jewellery
 c - an amulet of the acrobat (around neck)
 e - a +4 ring of protection (left front leg)
 o - the amulet of Cemiop {RegenMP Rampage}
   (You found it on level 4 of the Dungeon)

   [amulet of magic regeneration]

   It increases your rate of magic regeneration.
   Rampage:   It bestows one free step when moving towards enemies.
 u - an amulet of regeneration
Wands
 v - a wand of charming (2)
Scrolls
 a - a scroll of amnesia
 d - 4 scrolls of teleportation
 h - a scroll of identify
Potions
 b - a potion of flight {unknown}
 f - a potion of haste
 g - 2 potions of heal wounds
 i - a potion of invisibility {unknown}
 m - a potion of brilliance {unknown}
 n - a potion of might {unknown}
 r - a potion of curing {unknown}
 t - a potion of lignification {unknown}


   Skills:
 - Level 1.1 Fighting
 - Level 1.7 Dodging
 + Level 6.8 Unarmed Combat
 + Level 4.8 Spellcasting
 - Level 3.0 Necromancy
 + Level 7.0 Transmutations
 + Level 0.3 Ice Magic
 - Level 4.0 Poison Magic


You had 8 spell levels left.
You knew the following spells:

 Your Spells              Type           Power      Damage    Failure   Level
a - Beastly Appendage     Tmut           48%        N/A       4%          1
b - Spider Form           Tmut/Pois      20%        N/A       16%         3
c - Ice Form              Ice/Tmut       14%        N/A       58%         4

Your spell library contained the following spells:

 Spells                   Type           Power      Damage    Failure   Level
 Wereblood                Tmut           24%        N/A       6%          2
 Vampiric Draining        Necr           12%        2d6       32%         3
 Slow                     Hex            12%        N/A       36%         1
 Confusing Touch          Hex            3%         N/A       67%         3


Dungeon Overview and Level Annotations

Branches:
Dungeon (6/15)             Temple (1/1) D:4

Altars:
Elyvilon
Gozag
Kikubaaqudgha
Qazlal
Sif Muna
Trog
Vehumet
Xom
Yredelemnul
The Shining One


Innate Abilities, Weirdness & Mutations

You are a venomous arachnid creature.
You have poisonous fangs.
You are tiny and dextrous.
Your spellcasting is less reliable in this form.
Your armour is entirely melded.
You are incapable of wielding weapons or throwing items.
((You can spit globs of acid.))
((Your golden yellow scales are hard. (AC +6)))
You cannot fit into any form of body armour.
((You are cold-blooded and may be slowed by cold attacks.))
((You are resistant to acid. (rCorr)))


Message History

You climb downwards.
There is a stone staircase leading up, spattered with blood here.
Items here: ))) †††.
Press: ? - help, Shift-Dir - straight line, f - gnoll sergeant
Aim: a gnoll sergeant, wielding a +4 spear of freezing and wearing a +0 ring mail (74% to hit)
You spit a glob of acid.
The glob of acid misses the gnoll sergeant.
The gnoll sergeant hits you from afar with a +4 spear of freezing.
You feel yourself slow down. The gnoll sergeant freezes you.
The gnoll sergeant hits you with a +4 spear of freezing!
* * * LOW HITPOINT WARNING * * *
You feel as though you will be slow longer.
The gnoll sergeant freezes you.
* * * LOW HITPOINT WARNING * * *
The gnoll sergeant misses you.
You barely miss the gnoll sergeant.
The gnoll sergeant hits you with a +4 spear of freezing.
* * * LOW HITPOINT WARNING * * *
The gnoll sergeant freezes you.
* * * LOW HITPOINT WARNING * * *
Casting: Spider Form (dangerous; 5% risk of failure)
Confirm with . or Enter, or press ? or * to list all spells.
You turn into a venomous arachnid creature.
Your +0 pair of gloves melds into your body.
Your +0 pair of boots melds into your body.
The gnoll sergeant hits you with a +4 spear of freezing!
* * * LOW HITPOINT WARNING * * *
The gnoll sergeant freezes you.
* * * LOW HITPOINT WARNING * * *
The gnoll sergeant hits you with a +4 spear of freezing!
* * * LOW HITPOINT WARNING * * *
The gnoll sergeant freezes you.
* * * LOW HITPOINT WARNING * * *
Aiming: Charm
Press: ? - help, Shift-Dir - straight line, f/p - gnoll sergeant
Aim: a gnoll sergeant, wielding a +4 spear of freezing and wearing a +0 ring mail (chance to affect: 49%)
The gnoll sergeant resists with some effort.
You feel yourself speed up.
The gnoll sergeant hits you with a +4 spear of freezing.
You die...

.... ## #.. ..
.# #.##.##.#
#.#.....
#)#...#
####<#...#
#........#
#.......##
#...s...+
#...g........
##....#...PPP
#......PP...
............P
..............
..........P....
..........PP.P.


You could see a gnoll sergeant.

Vanquished Creatures
  Pikel (D:5)
  Grinder (D:3)
  An ice beast (D:5)
  2 ogres
  A black bear (D:4)
  3 centaurs (D:5)
  3 lemures
  2 scorpions (D:5)
  A water moccasin skeleton (D:5)
  A vampire bat (D:5)
  5 hounds
  Jessica (D:2)
  Terence (D:3)
  2 iguanas (D:5)
  An orc wizard (D:3)
  A hound skeleton (D:5)
  Robin (D:2)
  3 adders (D:3)
  4 gnolls (D:6)
  2 shadow imps (D:5)
  2 worms
  11 orcs
  3 ball pythons
  6 bats
  A bat skeleton (D:5)
  4 bat zombies (D:5)
  3 endoplasms
  2 giant cockroaches
  14 goblins
  7 hobgoblins
  5 quokkas
  2 frilled lizards
  3 kobolds
  4 rats
104 creatures vanquished.

Vanquished Creatures (others)
  5 plants (D:6)
5 creatures vanquished.

Grand Total: 109 creatures vanquished

Notes
Turn   | Place    | Note
-------+----------+-------------------------------------------
     0 | D:1      | pkoi the Draconian Transmuter began the quest for the Orb.
     0 | D:1      | Reached XP level 1. HP: 16/16 MP: 3/3
   592 | D:1      | Reached XP level 2. HP: 21/23 MP: 3/5
   631 | D:1      | Found a faded altar of an unknown god.
  1515 | D:2      | Noticed Jessica
  1523 | D:2      | Killed Jessica
  1523 | D:2      | Noticed Robin
  1524 | D:2      | Reached skill level 3 in Transmutations
  1524 | D:2      | Reached XP level 3. HP: 12/28 MP: 4/6
  1722 | D:1      | Learned a level 3 spell: Spider Form
  1901 | D:2      | Killed Robin
  1963 | D:2      | Reached XP level 4. HP: 22/35 MP: 5/7
  2651 | D:3      | Reached skill level 1 in Poison Magic
  2665 | D:3      | Found a basalt altar of Yredelemnul.
  3287 | D:3      | Reached XP level 5. HP: 31/40 MP: 6/8
  3452 | D:3      | Noticed Terence
  3653 | D:4      | Identified the amulet of Cemiop {RegenMP Rampage}
  3655 | D:4      | Found a staircase to the Ecumenical Temple.
  3670 | Temple   | Entered the Ecumenical Temple
  3680 | Temple   | Became a worshipper of Sif Muna the Loreminder
  3718 | D:4      | Reached skill level 4 in Transmutations
  4610 | D:4      | Noticed a black bear
  4635 | D:4      | Killed a black bear
  4636 | D:4      | Reached XP level 6. HP: 31/47 MP: 9/9
  4937 | D:4      | Found a bloodstained altar of Trog.
  5109 | D:4      | Found a stormy altar of Qazlal.
  5116 | D:4      | Reached skill level 5 in Unarmed Combat
  5171 | D:5      | Entered Level 5 of the Dungeon
  5350 | D:5      | Your scales start taking on a golden yellow colour.
  5350 | D:5      | Reached XP level 7. HP: 32/52 MP: 11/11
  5350 | D:5      | Gained mutation: You are resistant to acid. (rCorr) [Yellow
                  | Draconian growth]
  5564 | D:5      | Identified the +9 flail of Premature Burial {pain, rN+
                  | Str+4 Dex-5}
  5618 | D:5      | Reached skill level 5 in Transmutations
  5622 | D:5      | Reached skill level 1 in Necromancy
  5764 | D:5      | Reached XP level 8. HP: 59/59 MP: 13/13
  6193 | D:5      | Identified the +2 leather armour of the Monkey {rF- Int-4
                  | Dex+6 Stlth+}
  6278 | D:5      | Reached * piety under Sif Muna
  6279 | D:5      | Noticed Pikel
  6496 | D:5      | Killed Pikel
  6497 | D:5      | Reached skill level 6 in Transmutations
  6666 | D:3      | Noticed Grinder
  6671 | D:3      | Paralysed by Grinder for 5 turns
  6684 | D:3      | Killed Grinder
  6972 | D:3      | Killed Terence
  7020 | D:3      | Learned a level 4 spell: Ice Form
  7184 | D:5      | Reached skill level 7 in Transmutations
  7201 | D:5      | Found an ancient bone altar of Kikubaaqudgha.
  7385 | D:6      | Slain by a gnoll sergeant

Illustrated notes

Levels and vault maps discovered:
D:1:      psy_arrival_spokes, layout_loops_corners,
          dreamdust_ecumenical_altar_statues
D:2:      layout_basic, chequers_serial_rivers_room_a, uniq_robin, uniq_jessica
D:3:      layout_basic, amcnicky_altar_gilded, uniq_terence, uniq_grinder
D:4:      layout_rooms, trog_hazing_becter, nicolae_qazlal_scattered_showers,
          temple_pool_b, minivault_23
D:5:      layout_rooms, kennysheep_vampire_church, minmay_manual_moon,
          uniq_pikel
D:6:      nicolae_cairo_tiling_large_dashed, layout_basic,
          nicolae_uskayaw_murder_on_the_dancefloor, nicolae_grassy_gnolls
Temple:   eino_temple_water

Skill      XL: |  1  2  3  4  5  6  7  8 |
---------------+-------------------------+-----
Transmutations | 3 4 5 7 |  7.0
Unarmed Combat | 4 5 6 |  6.8
Poison Magic   | 1 2 3 4 |  4.0
Spellcasting   | 3 4 |  4.8
Necromancy     | 2 3 |  3.0
Fighting       | |  1.1
Dodging        | |  1.7
Ice Magic      | |  0.3

Action                   |  1- 3 |  4- 6 |  7- 9 || total
-------------------------+-------+-------+-------++-------
Melee: Unarmed           |    62 |    89 |    84 ||   235
       Tailslap          |     7 |    12 |     9 ||    28
       Headbutt          |     9 |     8 |       ||    17
       Kick              |    12 |    14 |       ||    26
       Whip              |       |    17 |     5 ||    22
       Punch             |       |     1 |     3 ||     4
       Flail             |       |       |    36 ||    36
 Fire: Hunting sling     |       |    30 |     4 ||    34
 Cast: Beastly Appendage |    14 |    11 |       ||    25
       Spider Form       |       |       |     6 ||     6
 Abil: Breathe Acid      |       |       |     5 ||     5
Evoke: Wand              |       |       |     1 ||     1
  Use: Scroll            |       |     6 |       ||     6
 Stab: Sleeping          |       |     1 |       ||     1
       Distracted        |       |       |     1 ||     1
Armor: Skin              |    23 |    49 |    62 ||   134
Dodge: Dodged            |    43 |   102 |   119 ||   264
